[Event "58th Akiba Rubinstein A 2022"]
[Site "Polanica-Zdroj"]
[Date "2022.08.21"]
[Round "9.8"]
[White "Rog, Bartlomiej"]
[Black "Skrzypczynski, Kacper"]
[Result "1-0"]
[ECO "C41"]
[WhiteElo "2091"]
[BlackElo "1793"]
[Annotator "NA RC"]
[PlyCount "131"]
[EventDate "2022.08.13"]
[EventCountry "POL"]
[SourceTitle "playchess.com"]
[Source "ChessBase"]
[SourceQuality "1"]
[TimeControl "40/5400+30:1800+30"]

1. e4 d6 2. d4 Nf6 3. Nc3 e5 4. Nf3 Nbd7 5. Bc4 Be7 6. O-O c6 7. a4 O-O 8. Re1 h6 {[%emt 0:00:13] now scores much better than the old 8...b6.} 9. h3 a5 10. Be3 Qc7 {[%emt 0:00:25] [#]} 11. Qd3 $146 ({Predecessor:} 11. d5 Rd8 12. Qd3 Nc5 13. Bxc5 dxc5 14. Qe3 Nh5 15. Rad1 Rb8 16. dxc6 Rxd1 17. Nxd1 bxc6 18. Qc3 {½-½ (83) Karjakin,S (2771)-Jobava,B (2713) Dubai 2014}) 11... exd4 12. Bxd4 Ne5 13. Nxe5 dxe5 14. Be3 Bb4 15. Rad1 Re8 16. Bc1 Be6 17. Bxe6 Rxe6 18. Qc4 Ree8 19. Re3 Qe7 20. Ne2 g6 $11 21. Red3 Kg7 22. Be3 Red8 23. Nc1 Ne8 24. c3 Bd6 25. Bb6 Bc7 26. Bc5 Rxd3 27. Rxd3 Qg5 28. Nb3 Rd8 29. Rf3 Rd1+ 30. Kh2 Rd7 31. Ba3 Bd6 32. Nxa5 Bxa3 33. bxa3 Nd6 34. Qe2 Qc1 35. c4 Nc8 36. Qe3 Qb1 37. c5 h5 38. h4 f6 39. Qb3 Qxe4 40. g3 Ne7 41. Nxb7 Rxb7 42. Qxb7 Qxf3 43. Qxe7+ Kh6 44. Qf8+ Kh7 45. Qf7+ Kh6 46. Qa2 Qc3 47. Qg8 g5 48. Qh8+ Kg6 49. Qe8+ Kg7 50. Qe7+ Kg6 51. hxg5 Kxg5 52. Qg7+ Kf5 53. Qd7+ Kg5 54. Qxc6 Qd4 55. Qf3 Qxa4 56. Qc3 Qc6 57. a4 Kf5 58. a5 Ke6 59. Qc4+ Ke7 60. a6 h4 61. a7 Qf3 62. Qc2 hxg3+ 63. fxg3 Qa8 64. c6 Qh8+ 65. Kg2 Qa8 66. Qh7+ 1-0

[Event "58th Akiba Rubinstein A 2022"]
[Site "Polanica-Zdroj"]
[Date "2022.08.21"]
[Round "9.9"]
[White "Hetzer, Volkhard"]
[Black "Kazmierowski, Tymon"]
[Result "1/2-1/2"]
[ECO "A48"]
[WhiteElo "1921"]
[BlackElo "1961"]
[Annotator "NA RC"]
[PlyCount "45"]
[EventDate "2022.08.13"]
[EventCountry "POL"]
[SourceTitle "playchess.com"]
[Source "ChessBase"]
[SourceQuality "1"]
[TimeControl "40/5400+30:1800+30"]

1. d4 Nf6 2. Nf3 g6 3. c4 Bg7 4. Nc3 O-O 5. Bg5 d6 6. e3 Nbd7 7. Be2 e5 8. dxe5 dxe5 9. Qc2 c6 10. Nd2 Qe7 11. O-O Nc5 $11 12. b4 Ne6 13. Bxf6 Bxf6 14. c5 Nc7 15. Bc4 Be6 16. Qb3 Nd5 17. Nde4 Nxc3 18. Nxf6+ Qxf6 19. Qxc3 Bxc4 20. Qxc4 Rfd8 21. Rad1 Rxd1 22. Rxd1 Rd8 23. Kf1 1/2-1/2

[Event "58th Akiba Rubinstein A 2022"]
[Site "Polanica-Zdroj"]
[Date "2022.08.21"]
[Round "9.10"]
[White "Sliwerski, Radoslaw"]
[Black "Walkusz, Witoslaw"]
[Result "1-0"]
[ECO "E62"]
[WhiteElo "1951"]
[BlackElo "2001"]
[Annotator "TA"]
[PlyCount "145"]
[EventDate "2022.08.13"]
[EventCountry "POL"]
[SourceTitle "playchess.com"]
[Source "ChessBase"]
[SourceQuality "1"]
[TimeControl "40/5400+30:1800+30"]

1. d4 Nf6 2. c4 g6 3. g3 Bg7 4. Bg2 d6 5. Nf3 O-O 6. O-O Nc6 7. Nc3 Bf5 {[%emt 0:07:41] Recently 7...e5 got a lot of attention.} 8. Ne1 e5 {[%emt 0:04:24] E62: King's Indian: Fianchetto: 6...c6 and Panno Variation (6...Nc6) without ...a6.} 9. d5 Ne7 10. e4 Bd7 {[%emt 0:00:34] White is slightly better.} 11. Nd3 Ne8 12. f4 exf4 13. Bxf4 {[%emt 0:00:57] [#]} Qc8 $146 (13... h6 $142) ({Predecessor:} 13... c6 14. Qd2 b5 15. dxc6 Nxc6 16. cxb5 Nd4 17. e5 Rc8 18. exd6 Nxb5 19. Nd5 Nbxd6 {0-1 (47) Shinkevich,V (2439)-Kazhgaleyev,M (2587) St Petersburg 2018}) 14. e5 (14. Qd2 $1 $16) 14... Bh3 (14... h6 $14) 15. Ne4 ({White should try} 15. Bxh3 $16 Qxh3 16. Qe2) 15... Bxg2 $11 16. Kxg2 Nf5 {[%emt 0:08:24] ...dxe5 is the strong threat.} (16... Qf5 17. Re1 $16) 17. Qd2 dxe5 18. Bxe5 Ned6 19. Nxd6 cxd6 20. Bxg7 Kxg7 21. Qc3+ Kg8 $1 22. Rfe1 {[%emt 0:01:54] Against Ne3+} Nh4+ 23. gxh4 $16 {[%emt 0:04:20] White is more active.} Qg4+ 24. Kh1 Qf3+ 25. Kg1 Qg4+ 26. Kf1 $1 Qh3+ 27. Ke2 $1 Qxh2+ (27... Rae8+ $16 28. Kd2 Qxh2+ 29. Kd1 (29. Kc1 b5 $16) 29... b5) 28. Nf2 $18 Qxh4 29. Kf1 Rfe8 30. b4 b6 31. c5 bxc5 32. bxc5 {[%emt 0:00:05] Chess con chili.} dxc5 33. Qxc5 (33. d6 $18 {is more deadly.} Qb4 34. Qxb4 cxb4 35. d7) 33... Rec8 $16 34. Qe3 Qc4+ 35. Qd3 Qxd3+ 36. Nxd3 {[%emt 0:00:02] And now Rad1 would win.} Kf8 (36... Rd8 $16 {keeps fighting.}) 37. Ne5 $18 {[%emt 0:01:44] aiming for d6.} Rc2 (37... Rd8 $142 38. Rad1 f6) 38. Rad1 Rd8 {[%emt 0:05:29] [#]} 39. d6 $1 f6 40. Nf3 {[%emt 0:00:00] Strongly threatening Nd4.} Rd7 41. Nd4 {[%emt 0:08:33] Against Rc6} Rc4 42. Nb5 $2 (42. Re3 $18) 42... a6 (42... Rc5 $11 43. Rb1 Rf5+ 44. Kg1 Rg5+ 45. Kf2 Rf5+ 46. Kg2 Rg5+ 47. Kf3 Rf5+ 48. Kg3 Rg5+ 49. Kf3 Rf5+ 50. Kg3 Rg5+ 51. Kh3 Rh5+ 52. Kg3 Rg5+) 43. Nc7 $16 Rc6 {[%emt 0:00:51] [#]} 44. Re8+ ({White has to play} 44. Ne8 $1 $16 {Black must now prevent Re6.} Rc5 45. Re3) 44... Kf7 $11 45. Rh8 Rdxd6 46. Rxh7+ Kg8 47. Rxd6 Rxd6 {[%emt 0:02:02][%mdl 4096] Endgame KRN-KR} 48. Re7 Kf8 49. Re3 Rc6 $1 50. Ne6+ Kg8 51. Nd4 Rc4 52. Ne2 Ra4 $1 {[%emt 0:00:50] Prevents Ra3.} 53. Nc3 Ra3 54. Ke2 Kf7 55. Kd3 g5 56. Kc4 {[%emt 0:00:50] Threatens to win with Kb4.} Ra5 $1 57. Kb4 Rf5 58. a4 a5+ 59. Kc4 Kg6 60. Nd5 {[%emt 0:02:45] Hoping for Ne7+.} Re5 (60... Rf1 $11) 61. Rxe5 $18 fxe5 {[%emt 0:00:05] KN-K3P} 62. Ne3 Kh5 63. Kb5 g4 64. Kxa5 {[%emt 0:00:06] KN-KPP} g3 {[%emt 0:01:04] White mates.} 65. Kb4 Kg5 66. Ng2 Kg4 67. Ne1 Kf4 68. a5 Ke3 69. a6 Kf2 70. a7 Kxe1 71. a8=Q Kf2 72. Qa2+ Kf1 73. Qa1+ {[%emt 0:00:12] Weighted Error Value: White=0.25 (precise) /Black=0.19 (very precise)} 1-0

[Event "58th Akiba Rubinstein A 2022"]
[Site "Polanica-Zdroj"]
[Date "2022.08.21"]
[Round "9.11"]
[White "Paprocki, Antoni"]
[Black "Betkowski, Andrzej"]
[Result "1-0"]
[ECO "C03"]
[WhiteElo "1981"]
[BlackElo "2063"]
[Annotator "NA RC"]
[PlyCount "71"]
[EventDate "2022.08.13"]
[EventCountry "POL"]
[SourceTitle "playchess.com"]
[Source "ChessBase"]
[SourceQuality "1"]
[TimeControl "40/5400+30:1800+30"]

1. e4 e6 2. d4 d5 3. Nd2 a6 4. Ngf3 Nf6 5. e5 Nfd7 6. Bd3 c5 7. c3 Nc6 8. O-O g5 9. Nb3 h6 10. Nxc5 Nxc5 11. dxc5 Bxc5 12. b4 Bf8 13. h3 Qc7 14. Qe2 $14 Bg7 15. Re1 Bd7 16. a4 Ne7 17. Ba3 Ng6 18. Bxg6 fxg6 19. b5 Qc4 20. Qc2 Kf7 21. Re3 Be8 22. Nd4 Qc8 23. b6 Kg8 24. c4 Kh7 25. Rc1 Bc6 26. cxd5 Bxd5 27. Rc3 Qd8 28. Rc7 Rg8 29. Bd6 g4 30. Be7 Qe8 31. hxg4 Kh8 32. Bf6 Bxf6 33. exf6 Qf8 34. Qd2 e5 35. Nf3 Rd8 36. Nxe5 1-0

[Event "58th Akiba Rubinstein A 2022"]
[Site "Polanica-Zdroj"]
[Date "2022.08.21"]
[Round "9.12"]
[White "Paszkowski, Krystian"]
[Black "Kasprzak, Lukasz"]
[Result "1-0"]
[ECO "B40"]
[WhiteElo "1988"]
[BlackElo "1938"]
[Annotator "NA RC"]
[PlyCount "73"]
[EventDate "2022.08.13"]
[EventCountry "POL"]
[SourceTitle "playchess.com"]
[Source "ChessBase"]
[SourceQuality "1"]
[TimeControl "40/5400+30:1800+30"]

1. e4 c5 2. Nf3 e6 3. g3 Nc6 4. Bg2 g6 5. d4 cxd4 6. Nxd4 $14 Qb6 7. Nb3 Bg7 8. O-O Nge7 9. c4 O-O 10. Be3 Qa6 11. Qc2 Rd8 12. c5 Nb4 13. Qd2 Nec6 14. Rd1 b6 15. Nc3 Ne5 16. a3 Nbc6 17. Bh6 Bxh6 18. Qxh6 Qc4 19. f4 Qxb3 20. fxe5 Qxb2 21. Rac1 Ba6 22. Bf1 Qxa3 23. Bxa6 Qxa6 24. Rf1 Nxe5 25. Qf4 d6 26. cxd6 Qa5 27. Nd5 exd5 28. Qxe5 dxe4 29. Qxe4 Rf8 30. Rc7 Rad8 31. Qc4 Rxd6 32. Rcxf7 Rfd8 33. Rf8+ Kg7 34. R1f7+ Kh6 35. Rxh7+ Kxh7 36. Qg8+ Kh6 37. Qh8+ 1-0

[Event "58th Akiba Rubinstein A 2022"]
[Site "Polanica-Zdroj"]
[Date "2022.08.21"]
[Round "9.13"]
[White "Iwanczuk, Krzysztof"]
[Black "Nowak, Filip"]
[Result "0-1"]
[ECO "D70"]
[WhiteElo "1947"]
[BlackElo "1957"]
[Annotator "NA RC"]
[PlyCount "54"]
[EventDate "2022.08.13"]
[EventCountry "POL"]
[SourceTitle "playchess.com"]
[Source "ChessBase"]
[SourceQuality "1"]
[TimeControl "40/5400+30:1800+30"]

1. d4 d5 2. c4 c6 3. Nf3 Nf6 4. Nbd2 e6 5. Qc2 Nbd7 6. e4 dxe4 7. Nxe4 Nxe4 8. Qxe4 Nf6 9. Qc2 c5 10. Be3 cxd4 11. O-O-O Qa5 12. Nxd4 Be7 13. Kb1 O-O 14. Bd3 Bd7 $14 15. h4 Rfc8 16. Qe2 a6 17. g4 b5 18. g5 bxc4 19. Bxc4 Nd5 20. Nb3 Qb4 21. Rd4 Bc5 22. Nxc5 Nc3+ 23. Ka1 Nxe2 24. Bxe2 Qxc5 25. Rxd7 Qc2 26. Bf3 Rab8 27. Rb1 a5 0-1

[Event "58th Akiba Rubinstein A 2022"]
[Site "Polanica-Zdroj"]
[Date "2022.08.21"]
[Round "9.14"]
[White "Antoniewicz, Jakub"]
[Black "Skrzyczek, Tomasz"]
[Result "1-0"]
[ECO "B30"]
[WhiteElo "1931"]
[BlackElo "1909"]
[Annotator "NA RC"]
[PlyCount "82"]
[EventDate "2022.08.13"]
[EventCountry "POL"]
[SourceTitle "playchess.com"]
[Source "ChessBase"]
[SourceQuality "1"]
[TimeControl "40/5400+30:1800+30"]

1. e4 c5 2. Nf3 Nc6 3. c4 e5 4. g3 d6 5. Bg2 g6 6. O-O Bg7 7. Nc3 Nge7 8. d3 O-O 9. Nh4 a6 10. f4 exf4 11. Bxf4 Rb8 12. a4 Nd4 13. Rb1 b5 14. axb5 axb5 15. b3 b4 16. Ne2 Bg4 17. Bf3 Bh3 18. Bg2 Bg4 19. Bf3 Bh3 20. Bg2 Bxg2 21. Kxg2 Nec6 22. Nf3 Ra8 23. Nexd4 Nxd4 24. Be3 Ra2+ 25. Rf2 Rxf2+ 26. Bxf2 Nxf3 27. Qxf3 Qa8 28. Rf1 Qa2 29. Qd1 f5 30. Kg1 f4 31. gxf4 Rxf4 32. Bg3 Bd4+ 33. Kh1 Rxf1+ 34. Qxf1 Be5 35. Bxe5 dxe5 36. Qf6 Qb1+ 37. Kg2 Qc2+ 38. Kg1 Qd1+ 39. Kf2 Qd2+ 40. Kg1 Qe1+ 41. Kg2 Qe2+ 1-0